 Dungeon Crawl Stone Soup version 0.21-a0-78-g82a99e0 (webtiles) character file.

863 4thArraOfDagon the Slasher (level 7, -4/61 HPs)
             Began as a Minotaur Abyssal Knight on June 21, 2017.
             Was a Believer of Lugonu.
             Slain by an ogre
             ... wielding a +0 giant club
              (25 damage)
             ... on level 6 of the Dungeon.
             The game lasted 00:08:02 (1890 turns).

4thArraOfDagon the Slasher (MiAK)                   Turns: 1890, Time: 00:08:03

Health: -4/61      AC: 12    Str: 16    XL:     7   Next: 72%
Magic:  9/9        EV:  4    Int: 13    God:    Lugonu [**....]
Gold:   189        SH:  0    Dex: 12    Spells: 6/6 levels left

rFire    . . .     SeeInvis .   a - +1 falchion
rCold    + . .     Gourm    .   (no shield)
rNeg     . . .     Faith    .   o - +0 plate armour
rPois    .         Spirit   .   (helmet restricted)
rElec    .         Reflect  .   (no cloak)
rCorr    .         Harm     .   (no gloves)
MR       .....                  (no boots)
Stlth    ..........             (no amulet)
HPRegen  0.20/turn              p - ring of protection from cold
MPRegen  0.11/turn              q - -2 ring of evasion (curse)

@: hasted, very quick
A: retaliatory headbutt, horns 2, agile 1, blurry vision 1, clever 1, subdued
magic 1, MP-powered wands
a: Depart the Abyss, Bend Space, Renounce Religion


You were on level 6 of the Dungeon.
You worshipped Lugonu.
Lugonu was pleased with you.
You were not hungry.

You visited 1 branch of the dungeon, and saw 6 of its levels.
You visited the Abyss 1 time.
You also visited: Sewer.

You collected 189 gold pieces.

Inventory:

Hand Weapons
 a - a +1 falchion (weapon)
Missiles
 e - a throwing net (quivered)
 k - 10 curare-tipped needles
Armour
 b - a +0 leather armour
 o - a +0 plate armour (worn)
Jewellery
 h - an uncursed ring of teleportation
 p - a ring of protection from cold (left hand)
 q - a cursed -2 ring of evasion (right hand)
Scrolls
 d - a scroll of magic mapping {unknown}
 f - a scroll of identify
 g - 2 scrolls of recharging
 i - a scroll of teleportation
Potions
 l - a potion of curing
 n - a potion of haste
 r - a potion of brilliance {unknown}
Comestibles
 c - 3 bread rations
 j - a meat ration
 m - 3 chunks of flesh


   Skills:
 + Level 5.6 Fighting
 * Level 6.2 Long Blades
 + Level 4.7 Armour
 + Level 4.1 Dodging
 + Level 4.0 Invocations


You had 6 spell levels left.
You didn't know any spells.

Dungeon Overview and Level Annotations

Branches:
Dungeon (6/15)
 Temple: D:4-7

Altars:
Uskayaw
Wu Jian
Xom
The Shining One


Innate Abilities, Weirdness & Mutations

You reflexively headbutt those who attack you in melee.
You have a pair of horns on your head.
You are agile. (Dex +2)
Scrolls take you a little longer to read.
Your mind is acute. (Int +2)
Your spells are a little easier to cast, but a little less powerful.
You expend magic power (3 MP) to strengthen your wands.


Message History

You hit the worker ant.
You kill the worker ant!
Lugonu accepts your kill.
You feel sick.
You feel sick.
It was a potion of haste.
You feel yourself speed up.
You feel sick.
It was a potion of curing.
You feel better.
An ogre comes into view. It is wielding a giant club.
Found a buckler.
You slash the ogre!
The ogre is moderately wounded.
You slash the ogre!
The ogre is heavily wounded.
The ogre hits you with a giant club!
You hit the ogre.
The ogre is severely wounded.
You hit the ogre.
The ogre is almost dead.
The ogre hits you with a giant club!!
You die...

#####.# #.# ####.#.#
....(.###.####......#
#..(........##<..#
#...##...........#
#...##..########.#
#...##..#######..# #.#
#...##............
#...##.................
#...@......<########.
#.###O.###.## #. # #..#
..# #. ........ #.
#.###. #. .# # #. [# #.
.# #.


You could see an ogre.

Vanquished Creatures
  Grinder (D:3)
  A sky beast (D:5)
  A phantom (D:5)
  An ice beast (D:5)
  A centaur (D:5)
  2 hounds
  A centaur skeleton (D:6)
  2 orc wizards (D:5)
  A worker ant (D:6)
  A hound zombie (D:5)
  A howler monkey zombie (D:6)
  A gnoll (D:1)
  3 adders
  An ooze (D:5)
  A worm (D:2)
  A dart slug (D:1)
  2 leopard geckos
  3 orcs
  8 giant cockroaches
  5 goblins
  A hobgoblin (D:1)
  11 jackals
  A quokka (D:5)
  4 ball pythons
  7 bats
  4 frilled lizards
  10 kobolds
  A leopard gecko skeleton (D:5)
  5 rats
  A plant (Sewer)
83 creatures vanquished.

Notes
Turn   | Place    | Note
-------+----------+-------------------------------------------
     0 | Abyss:1  | 4thArraOfDagon the Minotaur Abyssal Knight began the quest for the Orb.
     0 | Abyss:1  | Reached XP level 1. HP: 19/19 MP: 1/1
    22 | Abyss:1  | Noticed a starcursed mass
    24 | Abyss:1  | Noticed a small abomination
    32 | Abyss:1  | Noticed a dire elephant zombie
    35 | D:1      | Escaped the Abyss
    84 | D:1      | Reached * piety under Lugonu
    86 | D:1      | Reached XP level 2. HP: 12/27 MP: 2/2
   353 | D:2      | Reached XP level 3. HP: 26/33 MP: 3/3
   443 | D:1      | Reached skill level 3 in Long Blades
   536 | D:3      | Noticed Grinder
   542 | D:3      | Paralysed by Grinder for 2 turns
   556 | D:3      | Paralysed by Grinder for 6 turns
   577 | D:3      | Killed Grinder
   577 | D:3      | Reached skill level 4 in Long Blades
   577 | D:3      | Reached XP level 4. HP: 33/41 MP: 3/5
   577 | D:3      | Reached XP level 5. HP: 38/47 MP: 3/6
   741 | D:4      | Reached ** piety under Lugonu
   753 | D:4      | Found a shimmering altar of Xom.
   783 | D:5      | Entered Level 5 of the Dungeon
   860 | D:5      | Noticed a sky beast
   877 | D:5      | Killed a sky beast
   877 | D:5      | Reached XP level 6. HP: 21/53 MP: 7/7
   888 | D:5      | Gained mutation: You are agile. (Dex +2) [mutagenic meat]
   889 | D:5      | Gained mutation: Scrolls take you a little longer to read. [mutagenic meat]
   890 | D:5      | Gained mutation: Your mind is acute. (Int +2) [mutagenic meat]
   891 | D:5      | Gained mutation: You expend magic power (3 MP) to strengthen your wands. [mutagenic meat]
   892 | D:5      | Gained mutation: Your spells are a little easier to cast, but a little less powerful. [mutagenic meat]
   893 | D:5      | 4thArraOfDagon: cant get decent seet recently :/
   992 | D:5      | Reached skill level 5 in Fighting
   992 | D:5      | Reached skill level 5 in Long Blades
  1037 | D:4      | Found a hide-covered altar of Uskayaw.
  1037 | D:4      | Found an ornate altar of the Wu Jian Council.
  1037 | D:4      | Found a glowing golden altar of the Shining One.
  1186 | D:5      | Found a glowing drain.
  1226 | Sewer    | Entered a sewer
  1633 | D:5      | Reached XP level 7. HP: 61/61 MP: 8/8
  1771 | D:6      | Reached skill level 6 in Long Blades
  1870 | D:6      | StormFighter: plenty of cursed shit is preety annoying
  1890 | D:6      | Slain by an ogre

Vault maps used:
D:1:      dpeg_arrival_erosion
D:2:      minmay_strange_pillars, mrwooster_statue_mirror
D:3:      uniq_grinder
D:4:      lightli_temple_of_fire, nicolae_overflow_hidden_temple, minivault_19,
          kennysheep_generic_room_13
D:5:      gup_sewer_entry_glass, first_bread
D:6:      vehumet_statue, kennysheep_small_spiral, guppyfry_early_elven_hall
Abyss:1:  hangedman_classic_abyss_death
Sewer:    sewer_co_scattered_pipes

Skill      XL: |  1  2  3  4  5  6  7 |
---------------+----------------------+-----
Invocations    | 2 3 4 |  4.0
Dodging        | 2 3 4 |  4.1
Long Blades    | 4 5 6 |  6.2
Armour         | 3 4 |  4.7
Fighting       | 4 5 |  5.6

Action                   |  1- 3 |  4- 6 |  7- 9 || total
-------------------------+-------+-------+-------++-------
Melee: Falchion          |    93 |   130 |    68 ||   291
       Headbutt          |     3 |    24 |    12 ||    39
Invok: Depart the Abyss  |     1 |       |       ||     1
  Use: Scroll            |     4 |     2 |       ||     6
       Potion            |     3 |     3 |     2 ||     8
  Eat: Chunk             |       |     6 |     1 ||     7
       Royal jelly       |       |     1 |       ||     1
Armor: Leather armour    |    26 |    15 |       ||    41
       Skin              |    40 |    57 |       ||    97
       Plate armour      |       |       |    35 ||    35
Dodge: Dodged            |    75 |    69 |    23 ||   167
       Rpst.: Falchion   |    28 |    19 |     8 ||    55
